AoeStats
← ska_18

Black Forest

505185475Analyzed
3v3 RM · 24d ago on Sep 8, 2026· 47m 14s· 6 players
Game mode
Random Map
Map size
Normal (6 player)
Population
200
Speed
Normal
Resources
Standard
Victory
Conquest
Starting age
Dark Age
Ending age
Imperial Age
RankedLock teamsTeams togetherTeam positionsShared explorationLock speedFull tech treeHidden civsTurbo modeCheats
Victory
Defeat
🇺🇸 Khmer · United States
1128
+12
🇺🇸 Mongols · United States
1119
+12
🇦🇹 Saracens · Austria
1035
+16
🇦🇺 Cumans · Australia
1191
-19
🇨🇴 Spanish · Colombia
1060
-14
🇺🇸 Bohemians · United States
852
-7
estrellototota
10:25 Feudal Age
14:02 Castle Age
12:14 Double-Bit Axe
12:20 Horse Collar
14:56 Bow Saw
14:48 Heavy Plow
16:09 Wheelbarrow
21:27 Loom
21:59 Hand Cart
22:50 Town Watch
23:08 Stone Mining
24:15 Fletching
25:39 Bodkin Arrow
26:10 Gold Mining
26:31 Husbandry
27:27 Thumb Ring
28:36 Padded Archer Armor
30:49 Leather Archer Armor
33:21 Imperial Age
31:17 Forging
31:12 Scale Barding Armor
32:15 Gold Shaft Mining
32:15 Stone Shaft Mining
32:03 Scale Barding Armor
32:45 Bloodlines
34:05 Iron Casting
33:50 Chain Barding Armor
34:18 Stone Shaft Mining
35:26 Ballistics
36:06 Chemistry
35:42 Conscription
36:06 Bracer
38:11 Blast Furnace
37:40 Parthian Tactics
37:45 Nomads
37:37 Light Cavalry
39:24 Drill
38:33 Elite Mangudai
39:27 Hussar
41:05 Caravan
46:39 Murder Holes
ska_18
1:15 Loom
13:48 Feudal Age
19:15 Castle Age
17:27 Double-Bit Axe
18:08 Horse Collar
20:54 Bow Saw
23:01 Wheelbarrow
22:39 Town Watch
23:04 Fishing Lines
25:47 Forging
25:43 Scale Barding Armor
25:29 Fletching
26:07 Hand Cart
29:50 Iron Casting
35:36 Imperial Age
33:37 Fervor
33:48 Sanctity
34:11 Town Patrol
34:35 Chain Barding Armor
34:25 Treadmill Crane
35:27 Bodkin Arrow
35:44 Masonry
35:30 Murder Holes
35:45 Fortified Wall
37:56 Chemistry
37:02 Siege Engineers
37:21 Conscription
36:22 Elite Mameluke
37:14 Bimaristan
37:27 Gold Mining
37:28 Stone Mining
37:40 Heavy Plow
38:44 Two-Man Saw
38:47 Blast Furnace
38:23 Plate Barding Armor
39:14 Hoardings
39:24 Bloodlines
39:15 Husbandry
38:37 Light Cavalry
40:25 Coinage
40:52 Ballistics
44:47 Bracer
44:59 Fortified Wall
44:39 Guard Tower
44:34 Arrowslits
Beans
0:39 Loom
15:45 Feudal Age
16:29 Double-Bit Axe
16:30 Horse Collar
19:37 Castle Age
21:37 Coinage
21:27 Bow Saw
38:22 Wheelbarrow
39:17 Hand Cart
42:15 Caravan
49:26 Imperial Age
47:59 Scale Barding Armor
LcudaFC
1:33 Loom
14:50 Feudal Age
19:34 Castle Age
17:37 Double-Bit Axe
19:47 Horse Collar
21:21 Fletching
25:24 Heavy Plow
25:58 Bow Saw
27:26 Fervor
27:07 Town Watch
29:48 Ballistics
31:14 Wheelbarrow
34:04 Imperial Age
33:37 Chemistry
41:24 Elite Hussite Wagon
DevFreak
4:51 Loom
13:19 Feudal Age
14:49 Double-Bit Axe
14:35 Man-at-Arms
18:41 Town Watch
19:08 Scale Mail Armor
19:56 Gold Mining
23:34 Forging
25:55 Double-Bit Axe
25:50 Horse Collar
26:47 Fishing Lines
32:42 Castle Age
34:24 Scale Barding Armor
34:57 Iron Casting
35:57 Bow Saw
35:47 Heavy Plow
36:24 Wheelbarrow
35:46 Gillnets
39:00 Imperial Age
40:33 Masonry
40:39 Bloodlines
39:52 Cavalier
42:32 Paladin
45:03 Chain Barding Armor
45:44 Blast Furnace
Jynx
5:37 Loom
11:26 Feudal Age
18:43 Castle Age
17:38 Double-Bit Axe
24:18 Husbandry
24:28 Bloodlines
24:28 Scale Barding Armor
24:37 Forging
25:35 Gold Mining
29:26 Wheelbarrow
29:56 Chain Barding Armor
30:12 Iron Casting
37:03 Imperial Age
37:06 Light Cavalry
37:08 Cavalier
38:25 Plate Barding Armor
38:50 Blast Furnace
42:47 Paladin
Connection lost

Rejoining the realm…

Still unreachable

The connection could not be restored.

Session expired

The server has moved on; the page needs a fresh start.